 Dungeon Crawl Stone Soup version 0.23-a0-470-g6f7cfd9739 (webtiles) character file.

233 Hebeqt the Cudgeler (level 5, 0/45 HPs)
             Began as a Minotaur Berserker on Nov 27, 2018.
             Was a Believer of Trog.
             Slain by Gottschkopf's ghost (6 damage)
             ... on level 3 of the Dungeon.
             The game lasted 00:16:07 (2437 turns).

Hebeqt the Cudgeler (Minotaur Berserker)            Turns: 2437, Time: 00:16:07

Health: 0/45       AC:  5    Str: 23    XL:     5   Next: 75%
Magic:  4/4        EV: 11    Int:  4    God:    Trog [**....]
Gold:   97         SH:  0    Dex:  9    Spells: 4/4 levels left

rFire    . . .     SeeInvis .   m - +0 great mace
rCold    . . .     Gourm    .   (shield currently unavailable)
rNeg     . . .     Faith    .   l - +0 ring mail
rPois    .         Spirit   .   (helmet restricted)
rElec    .         Reflect  .   (no cloak)
rCorr    .         Harm     .   (no gloves)
MR       .....                  (no boots)
Stlth    ..........             p - amulet of magic regeneration
HPRegen  0.15/turn              (no ring)
MPRegen  0.34/turn              (no ring)

@: berserk cooldown, slowed, very slow
A: retaliatory headbutt, horns 2
a: Berserk, Trog's Hand, Renounce Religion


You were on level 3 of the Dungeon.
You worshipped Trog.
Trog was pleased with you.
You were near starving.

You visited 1 branch of the dungeon, and saw 3 of its levels.

You collected 97 gold pieces.

Inventory:

Hand Weapons
 a - a +0 mace
 g - a +0 whip
 m - a +0 great mace (weapon)
 o - a +3 mace of holy wrath
Missiles
 h - 2 throwing nets (quivered)
Armour
 b - a +0 animal skin
 j - a +0 buckler
 l - a +0 ring mail (worn)
Jewellery
 p - an amulet of magic regeneration (around neck)
 v - a +3 amulet of reflection {unknown}
Wands
 i - a wand of disintegration (10)
Scrolls
 f - a scroll of remove curse {unknown}
 k - 4 scrolls of identify
 n - 3 scrolls of fear {unknown}
 t - 2 scrolls of teleportation
 u - a scroll of enchant weapon
Potions
 d - a potion of flight {unknown}
 e - 2 potions of haste
 q - a potion of lignification {unknown}
 r - 2 potions of curing {unknown}
 s - a potion of invisibility {unknown}
Comestibles
 c - 10 rations


   Skills:
 - Level 3.6 Fighting
 + Level 7.9 Maces & Flails
 - Level 2.4 Armour
 - Level 2.1 Dodging


You had 4 spell levels left.
You didn't know any spells.
Your spell library was empty.

Dungeon Overview and Level Annotations

Branches:
Dungeon (3/15)

Altars:
Xom
Zin
Beogh

Annotations:
D:3 Gottschkopf's ghost, amateur DrTm


Innate Abilities, Weirdness & Mutations

You reflexively headbutt those who attack you in melee.
You have a pair of horns on your head.


Message History

Gottschkopf's ghost barely misses you. x2
You sock Gottschkopf's ghost!
Gottschkopf's ghost is almost destroyed.
Gottschkopf's ghost hits you. x2
You barely miss Gottschkopf's ghost.
Gottschkopf's ghost is almost destroyed.
Gottschkopf's ghost hits you.
* * * LOW HITPOINT WARNING * * *
Gottschkopf's ghost hits you.
* * * LOW HITPOINT WARNING * * *
You closely miss Gottschkopf's ghost.
Gottschkopf's ghost is almost destroyed.
Gottschkopf's ghost closely misses you. Gottschkopf's ghost hits you.
* * * LOW HITPOINT WARNING * * *
You barely miss Gottschkopf's ghost.
Gottschkopf's ghost is almost destroyed.
Gottschkopf's ghost hits you.
* * * LOW HITPOINT WARNING * * *
Gottschkopf's ghost hits you.
You die...

##### #...###########
#...##........##
#...##...[###..########
#...++.8.......((.)..8# .
#...##.######@''#######
..#+..>##.#....W).......#
.#.##.....#....#####....#
#..###....#.###.....###.#
...###.####.#8#..8..#8#.#
.......####.............#
##.....).##8....[_[....8#
##.....#.##############
..)...............#


You could see Gottschkopf's ghost.

Vanquished Creatures
  A crimson imp (D:3)
  Natasha (twice) (D:2)
  5 adders
  A worm (D:3)
  4 leopard geckos (D:1)
  15 orcs (D:3)
  6 bats
  3 giant cockroaches
  2 goblins
  7 hobgoblins
  3 jackals (D:1)
  4 ball pythons
  6 frilled lizards
  10 kobolds
  19 rats
88 creatures vanquished.

Notes
Turn   | Place    | Note
-------+----------+-------------------------------------------
     0 | D:1      | Hebeqt the Minotaur Berserker began the quest for the Orb.
     0 | D:1      | Reached XP level 1. HP: 19/19 MP: 0/0
    72 | D:1      | Reached skill level 4 in Maces & Flails
   124 | D:1      | Reached XP level 2. HP: 24/26 MP: 1/1
   475 | D:1      | Reached ** piety under Trog
   475 | D:1      | Reached skill level 5 in Maces & Flails
   709 | D:1      | Reached XP level 3. HP: 30/31 MP: 2/2
  1133 | D:2      | Noticed Natasha
  1142 | D:2      | Killed Natasha
  1142 | D:2      | Reached skill level 6 in Maces & Flails
  1142 | D:2      | Reached XP level 4. HP: 23/39 MP: 3/3
  1302 | D:2      | Noticed Natasha
  1309 | D:2      | Killed Natasha
  2040 | D:3      | Reached XP level 5. HP: 45/45 MP: 4/4
  2053 | D:3      | Reached skill level 7 in Maces & Flails
  2199 | D:3      | Found a glowing silver altar of Zin.
  2201 | D:3      | Noticed an angel
  2269 | D:3      | Found a shimmering altar of Xom.
  2390 | D:3      | Found a runed gate.
  2392 | D:3      | Found a runed gate.
  2393 | D:3      | Found a runed gate.
  2395 | D:3      | Found a roughly hewn altar of Beogh.
  2395 | D:3      | Noticed Gottschkopf's ghost (amateur DrTm)
  2395 | D:3      | Identified the +6 dagger "Kaick" {distort, +Inv Str+8}
  2395 | D:3      | Identified the +2 ring mail of the Vacuum {rPois MP+9 Str-5
                  | Int+2}
  2437 | D:3      | Slain by Gottschkopf's ghost

Vault maps used:
D:1:      matt_arrival_refuge, chequers_jeans, minmay_heptomino_h4
D:2:      first_ration, uniq_natasha
D:3:      grunt_temple_overflow_order_and_chaos_1, lemuel_crystal_altar,
          biasface_ghost_orc_armoury, grunt_decor_resistance, minivault_26,
          minmay_misc_feat_square, minmay_fractal_squares_5, uniq_jessica

Skill      XL: |  1  2  3  4  5 |
---------------+----------------+-----
Maces & Flails | 4 5 6 7 |  7.9
Fighting       | |  3.6
Armour         | |  2.4
Dodging        | |  2.1

Action                   |  1- 3 |  4- 6 || total
-------------------------+-------+-------++-------
Melee: Mace              |    68 |    59 ||   127
       Headbutt          |     7 |    14 ||    21
       Great mace        |       |    47 ||    47
Invok: Berserk           |       |     2 ||     2
       Trog's Hand       |       |     1 ||     1
  Use: Scroll            |       |     6 ||     6
  Eat: Chunk             |       |     2 ||     2
       Ration            |       |     1 ||     1
Armor: Ring mail         |    15 |    27 ||    42
       Animal skin       |     3 |       ||     3
Dodge: Dodged            |    43 |    63 ||   106

Table legend:
 A = Non-vault XP
 B = Vault XP
 C = Vault XP percentage of total XP
 D = Non-vault monster count
 E = Vault monster count
 F = Vault count percentage of total count
                 A         B        C        D         E       F
            +---------+---------+-------+---------+---------+-------
      Total |     193 |     141 |  42.2 |      68 |      20 |  22.7
            +---------+---------+-------+---------+---------+-------
        D:1 |      37 |       6 |  14.0 |      21 |       4 |  16.0
        D:2 |     109 |      36 |  24.8 |      29 |       1 |   3.3
        D:3 |      47 |      99 |  67.8 |      18 |      15 |  45.5
            +---------+---------+-------+---------+---------+-------
